Unix NetHack Version 5.0.0-0 post-release - last build Jun 10 2026 00:39:30 (3ee93aec679c4c4259841fe613dc97188e26a321,branch:main).

Game began 2026-06-30 18:07:24, ended 2026-06-30 19:26:52.

HenriqueII, lawful male human Archeologist

                        ----        ---          -------     ------      -..--
                        |..          .            .....|     -.....#``## |...|
                        |.-----------.             -....     |..<.. #####....|
                        |.|..|(((|..|.-------      |...|    #......###*##....|
       #################..-..|(/(|..|.|.....|      |...|     |....| *  *#..---
  -----.--- #####      #..---|...|-|-.|.._..|-+-   |...|     ------    *#  *
  |.......-######      #.....--|--....|.....|..---+-...|                #
  |.......| #   #######%..............|.....|..........|                ##
  |...>...|            %|...........{.--|----.q@.......|                #
  |.......|            #|.....................f........|                #
  |........           ##|...---|-)--...........--|--...|               ##*#
  |.......|             |...|...|..|---.-------|.`.|...|#              ### `
  ---------             |...|[)*|..|..|.|..%|..|(..|...-*#      ---......####
                        |...|!(*|--|..-.-%``|..|((.|...|#####   |)..*....#*  *
                        |...-----  ----.------|-----...|#   ####........*
                        |..............................|        |^......|#
                        --------------------------------        ---------

HenriqueII the Investigator  St:13 Dx:14 Co:15 In:16 Wi:18 Ch:12  Lawful
Dlvl:8  $:148 HP:0(59) Pw:39(39) AC:1  Xp:7 T:8510  Burdened

Latest messages:
 Never mind.
 What do you want to use or apply? [abfktvwyKNSX or ?*] k
 In what direction? l
 Unlock it? [ynq] (q) y
 You succeed in unlocking the door.
 The door opens.
 You swap places with your kitten.
 You swap places with your kitten.
 You stop.  Your kitten is in the way!
 You swap places with your kitten.
 What do you want to read? [gmqsyV or ?*] m
 As you read the scroll, it disappears.
 Where do you want to center the stinking cloud?
 (For instructions type a '?')
 The scroll crumbles with a whiff of rotten eggs.
 You swap places with your kitten.
 The pony kicks!
 The pony misses!
 The kitten misses the pony.
 The pony misses!
 The pony bites!
 The kitten bites the pony.
 The pony hits the kitten.
 The pony bites the kitten.
 What do you want to use or apply? [abfktvwyKNSX or ?*] S
 You have a little trouble removing p - a +5 pick-axe.
 The pony kicks!
 The pony bites!
 What do you want to wield? [- aopQ or ?*] p
 p - a +5 pick-axe (weapon in right hand).
 The pony kicks!
 The pony bites!
 The pony kicks!
 The pony just misses!
 You hit the pony!
 The pony kicks!
 The pony bites!
 The pony kicks!
 The pony misses!
 The pony kicks!
 The pony bites!
 The pony kicks!
 The pony just misses!
 The pony kicks!
 The pony bites!
 You kill the pony!
 Your kitten eats a pony corpse.
 The mumak butts!
 You die...
 Do you want your possessions identified? [ynq] (y) q

Inventory:
 Coins    ('$')
  $ - 148 gold pieces
 Weapons  (')')
  o - 16 +0 darts
  a - a +2 bullwhip
  Q - the blessed rustproof +2 Trollsbane
 Armor    ('[')
  c - an uncursed +0 fedora (being worn)
  Z - an uncursed +0 pair of iron shoes
  H - a cursed +0 pair of water walking boots
  i - an uncursed +0 shield of reflection (being worn)
  L - an uncursed +0 cloak of magic resistance (being worn)
  G - an uncursed +0 dwarvish mithril-coat (being worn)
 Comestibles  ('%')
  d - 3 uncursed food rations
  z - 2 uncursed food rations
  j - an uncursed tripe ration
 Scrolls  ('?')
  g - an uncursed scroll of fire
  q - 5 blessed scrolls of identify
  s - an uncursed scroll of light
  V - an uncursed scroll of teleportation
 Spellbooks  ('+')
  y - an uncursed spellbook of detect food
 Potions  ('!')
  l - a blessed potion of extra healing
  r - an uncursed potion of restore ability
 Wands    ('/')
  K - a wand of speed monster (0:5)
 Tools    ('(')
  N - an empty uncursed oilskin sack
  S - an empty uncursed sack
  X - an uncursed brass lantern
  v - an uncursed magic lamp
  w - an uncursed magic whistle
  b - an uncursed oil lamp
  p - a +5 pick-axe (weapon in right hand)
  k - an uncursed skeleton key
  f - a tinning kit (0:69)
 Gems/Stones  ('*')
  n - an uncursed citrine stone
  A - 2 uncursed dilithium crystals
  I - an uncursed fluorite stone
  h - an uncursed jade stone
  F - 2 uncursed topaz stones
  t - an uncursed touchstone

HenriqueII the Archeologist's attributes:

Background:
 You were an Investigator, a level 7 male human Archeologist.
 You were lawful, on a mission for Quetzalcoatl
 who was opposed by Camaxtli (neutral) and Huhetotl (chaotic).
 You were right-handed.
 You were in the Gnomish Mines, on level 8.
 You entered the dungeon 8510 turns ago.
 There was a full moon in effect when your adventure ended.
 You had 900 experience points, 380 more were needed to attain level 8.

Basics:
 You had 0 out of 59 hit points.
 You had all 39 energy points (spell power).
 Your armor class was 1.
 Your wallet contained 148 zorkmids.
 Autopickup was on for '$!?/="' plus thrown, with exceptions.

Final Characteristics:
 Your strength was 13 (limit:18/100).
 Your dexterity was 14 (limit:18).
 Your constitution was 15 (limit:18).
 Your intelligence was 16 (limit:18).
 Your wisdom was 18 (limit:18).
 Your charisma was 12 (limit:18).

Final Status:
 You weren't hungry.
 You were burdened; movement was slightly slowed.
 You were wielding a pick-axe.
 You had expert skill with pick-axe.

Final Attributes:
 You were piously aligned.
 You were magic-protected.
 You were poison resistant.
 You were telepathic.
 You had automatic searching.
 You were stealthy.
 You were guarded.
 You had reflection.
 You were lucky.
 You are dead.

Miscellaneous:
 You didn't encounter any bones levels.
 Total elapsed playing time was 1 hour, 17 minutes and 47 seconds.

Major events:
 Turn
    1: HenriqueII the lawful male human Archeologist entered the dungeon
 1034: attained the rank of Field Worker (level 3)
 2828: entered the Gnomish Mines
 5248: was bestowed with Trollsbane by Quetzalcoatl
 5688: attained the rank of Investigator (level 6)
 7375: reached Mine Town
 8510: killed by a mumak

You didn't know any spells.

Skills:
 Fighting Skills
   bare handed combat [Unskilled]
   two weapon combat  [Unskilled]
   riding             [Unskilled]
 Weapon Skills
   dagger             [Unskilled]
   knife              [Unskilled]
   pick-axe           [Expert]
   short sword        [Unskilled]
   saber              [Unskilled]
   club               [Unskilled]
   morning star       [Unskilled]
   quarterstaff       [Unskilled]
   sling              [Unskilled]
   dart               [Unskilled]
   boomerang          [Unskilled]
   whip               [Basic]
   unicorn horn       [Unskilled]
 Spellcasting Skills
   attack spells      [Unskilled]
   healing spells     [Unskilled]
   divination spells  [Unskilled]
   matter spells      [Unskilled]

Voluntary challenges:
 Character rerolling was not enabled.
 You never genocided any monsters.
 You never polymorphed an object.
 You never changed form.
 You used no wishes.
Achievements:
 You attained the rank of Field Worker.
 You entered a shop.
 You entered the Gnomish Mines.
 You attained the rank of Investigator.
 You entered Minetown.
 You entered a temple.

 The Dungeons of Doom: levels 1 to 5
    Level 1:
       A sink.
    Level 2:
       A scroll shop, an altar to Quetzalcoatl, a fountain.
    Level 3:
       Some fountains.
    Level 4:
       Stairs down to The Gnomish Mines.
    Level 5:
 The Gnomish Mines: levels 5 to 8
    Level 5:
    Level 6:
    Level 7:
    Level 8: <- You were here.
       Many shops, a temple and an altar, some fountains.
       Final resting place for
          you, killed by a mumak.


Vanquished creatures:
  a large cat
 an ettin zombie
  a mumak
  2 ravens
  a snake
  4 apes
  a rock mole
  2 ponies
  2 yellow lights
  5 shriekers
  7 gnome leaders
  2 gnomish wizards
  2 gray oozes
  3 floating eyes
  a kitten
  5 dwarves
  2 homunculi
  2 kobold shamans
  3 hill orcs
  4 rothes
  a giant bat
  3 orc zombies
  a dwarf zombie
  5 iguanas
 an acid blob
  4 coyotes
  2 gas spores
  3 hobbits
  a large kobold
  a giant rat
  2 cave spiders
  a yellow mold
 31 gnomes
  2 geckos
 10 jackals
  3 foxes
  a sewer rat
 14 grid bugs
  2 bats
  8 lichens
  3 kobold zombies
  7 newts
157 creatures vanquished.

No species were genocided or became extinct.

Game over:
                       ----------
                      /          \
                     /    REST    \
                    /      IN      \
                   /     PEACE      \
                  /                  \
                  |    HenriqueII    |
                  |      148 Au      |
                  |   killed by a    |
                  |      mumak       |
                  |                  |
                  |                  |
                  |       2026       |
                 *|     *  *  *      | *
        _________)/\\_//(\/(/\)/\//\/|_)_______

Goodbye HenriqueII the Archeologist...

You died in The Gnomish Mines on dungeon level 8 with 4094 points,
and 148 pieces of gold, after 8510 moves.
You were level 7 with a maximum of 59 hit points when you died.

